 Dungeon Crawl Stone Soup version 0.27.0-1-g7a089689b8 (webtiles) character file.

Game seed: 2379164937881159197

59 shadowrider38 the Grasshopper (level 4, -4/32 HPs)
             Began as a Gnoll Wanderer on Aug 11, 2021.
             Was a Follower of Yredelemnul.
             Splashed by a jelly's acid (5 damage)
             ... on level 2 of the Dungeon.
             The game lasted 00:08:44 (2977 turns).

shadowrider38 the Grasshopper (Gnoll Wanderer)      Turns: 2977, Time: 00:08:44

Health: -4/32      AC: -4    Str: 13    XL:     4   Next: 3%
Magic:  8/11       EV: 11    Int: 11    God:    Yredelemnul [*.....]
Gold:   91         SH:  0    Dex: 11    Spells: 12/13 levels left

rFire    . . .     SeeInvis .   a - +0 spear
rCold    . . .     Faith    .   (no shield)
rNeg     . . .     Spirit   .   b - +0 robe
rPois    .         Reflect  .   (no helmet)
rElec    .         Harm     .   i - +0 cloak
rCorr    .         Rampage  .   (no gloves)
Will     .....                  (no boots)
Stlth    +.........             (no amulet)
HPRegen  0.10/turn              (no ring)
MPRegen  0.12/turn              (no ring)

@: corroded
A: fangs 1, strong nose, distributed training
a: Renounce Religion, Animate Remains


You were on level 2 of the Dungeon.
You worshipped Yredelemnul.
Yredelemnul was aware of your devotion.
You visited 1 branch of the dungeon, and saw 3 of its levels.

You collected 91 gold pieces.

Inventory:

Hand Weapons
 a - a +0 spear (weapon)
Armour
 b - a +0 robe (worn)
 i - a +0 cloak (worn)
Scrolls
 d - 3 scrolls of identify {unknown}
 e - a scroll of magic mapping {unknown}
 f - 2 scrolls of teleportation {unknown}
 g - a scroll of fog {unknown}
Potions
 c - a potion of lignification
 h - a potion of curing {unknown}


   Skills:
 + Level 1.0 Fighting
 + Level 1.0 Short Blades
 + Level 1.0 Long Blades
 + Level 1.0 Axes
 + Level 1.0 Maces & Flails
 + Level 1.0 Polearms
 + Level 1.0 Staves
 + Level 1.0 Slings
 + Level 1.0 Bows
 + Level 1.0 Crossbows
 + Level 1.0 Throwing
 + Level 1.0 Armour
 + Level 1.0 Dodging
 + Level 1.0 Stealth
 + Level 2.7 Shields
 + Level 1.0 Unarmed Combat
 + Level 5.0 Spellcasting
 + Level 3.8 Conjurations
 + Level 0.7 Hexes
 + Level 0.7 Summonings
 + Level 0.7 Necromancy
 + Level 5.4 Translocations
 + Level 2.2 Transmutations
 + Level 0.7 Fire Magic
 + Level 0.7 Ice Magic
 + Level 0.7 Air Magic
 + Level 0.7 Earth Magic
 + Level 0.7 Poison Magic
 + Level 1.1 Invocations
 + Level 2.7 Evocations


You had 12 spell levels left.
You knew the following spells:

 Your Spells              Type           Power      Damage    Failure   Level
a - Foxfire               Conj/Fire      28%        2x1d5     9%          1

Your spell library contained the following spells:

 Spells                   Type           Power      Damage    Failure   Level
 Blink                    Tloc           N/A        N/A       3%          2
 Gell's Gravitas          Tloc           7%         N/A       7%          3
 Lesser Beckoning         Tloc           7%         N/A       7%          3
 Teleport Other           Tloc           14%        N/A       7%          3
 Inner Flame              Hex/Fire       4%         N/A       43%         3
 Manifold Assault         Tloc           14%        N/A       54%         5


Dungeon Overview and Level Annotations

Branches:
Dungeon (3/15)

Altars:
Yredelemnul


Innate Abilities, Weirdness & Mutations

You have very sharp teeth.
Your uncanny sense of smell can sniff out nearby items.
Your experience applies equally to all skills.


Message History

The jelly hits you. The acid corrodes you!
You are splashed with acid.
The hobgoblin barely misses you.
The goblin shoots a stone.
The stone barely misses you.
You climb upwards.
There is a stone staircase leading down here.
Casting: Foxfire (safe; 9% risk of failure)
Press: ? - help, Q - select action, (/) - cycle Dir - look around, f - activate You conjure some foxfire!
The jelly barely misses you. The hobgoblin hits you.
Casting: Foxfire (safe; 9% risk of failure)
Press: ? - help, Q - select action, (/) - cycle Dir - look around, f - activate You conjure some foxfire!
The foxfire hits the hobgoblin.
The hobgoblin is moderately wounded.
The foxfire hits the hobgoblin but does no damage.
The hobgoblin is moderately wounded.
Your bat zombie completely misses the hobgoblin.
Your bat zombie closely misses the hobgoblin.
Your bat zombie hits the hobgoblin but does no damage.
The jelly closely misses you.
Your adder zombie bites the hobgoblin but does no damage.
The hobgoblin barely misses you.
Casting: Foxfire (safe; 9% risk of failure)
Press: ? - help, Q - select action, (/) - cycle Dir - look around, f - activate You conjure some foxfire!
The foxfire hits the jelly.
The jelly is severely wounded.
Your bat zombie barely misses the hobgoblin.
Your bat zombie misses the hobgoblin.
The jelly hits you.
* * * LOW HITPOINT WARNING * * *
The acid corrodes you!
You are splashed with acid.
* * * LOW HITPOINT WARNING * * *
Your bat zombie hits the hobgoblin.
Your adder zombie bites the hobgoblin.
The hobgoblin hits your adder zombie.
Press: ? - help, v - describe, . - travel
Here: a hobgoblin (almost dead, ally target)
The floor.
You hit the jelly.
Your hands burn!
You die...
Your body rises from the dead as a mindless zombie.

#####.................).....# #>.
##..................#......###..
##..#........................##Z.
...#..........#.>###.#.........#.
..##..(............#.#......##.##
#.....#######.#.............##...
....รท...#
###.#.............###..
##......###...#vgv........#####.#
.....##........Z@Z........).....#
##...##..##.####.J....#.#...##..#
#...####......##..........#......
#...........#.##......#......).#.
...####.#.###.........##...###...
.######.#.#####........#.#.###..#
.# #....#.........#........#.....
.# #.###########.............###.
.# #.# #.####.........###


You could see a jelly, a hobgoblin (ally target), a friendly bat zombie and a
friendly adder zombie.

Vanquished Creatures
  2 adders (D:2)
  2 worms (D:2)
  5 ball pythons
  7 bats
  5 endoplasms
  A giant cockroach (D:2)
  3 hobgoblins
  2 kobolds
  2 quokkas (D:1)
  A frilled lizard (D:2)
  2 goblins
  2 rats
34 creatures vanquished.

Vanquished Creatures (collateral kills)
  An endoplasm (D:3)
1 creature vanquished.

Vanquished Creatures (others)
  A ball python zombie (D:3)
  A goblin zombie (D:2)
  2 kobold zombies
  65 foxfires
69 creatures vanquished.

Grand Total: 104 creatures vanquished

Notes
Turn   | Place    | Note
-------+----------+-------------------------------------------
     0 | D:1      | shadowrider38 the Gnoll Wanderer began the quest for the
                  | Orb.
     0 | D:1      | shadowrider38 set off with the following items: a +0 club,
                  | a +0 robe, a potion of lignification; and the following
                  | spell memorised: Foxfire; and the following spells
                  | available to memorise: Blink, Gell's Gravitas, Lesser
                  | Beckoning, Teleport Other, Inner Flame, Manifold Assault
     0 | D:1      | Reached XP level 1. HP: 13/13 MP: 6/6
   189 | D:1      | Reached XP level 2. HP: 16/19 MP: 7/7
  1726 | D:2      | Reached XP level 3. HP: 25/25 MP: 9/9
  1835 | D:2      | Reached skill level 5 in Spellcasting
  2046 | D:2      | Found a faded altar of an unknown god.
  2053 | D:2      | Became a worshipper of Yredelemnul the Dark
  2053 | D:2      | Reached * piety under Yredelemnul
  2402 | D:2      | Reached skill level 1 in Invocations
  2533 | D:2      | Reached skill level 1 in Fighting
  2533 | D:2      | Reached skill level 1 in Short Blades
  2533 | D:2      | Reached skill level 1 in Long Blades
  2533 | D:2      | Reached skill level 1 in Axes
  2533 | D:2      | Reached skill level 1 in Maces & Flails
  2533 | D:2      | Reached skill level 1 in Polearms
  2533 | D:2      | Reached skill level 1 in Staves
  2533 | D:2      | Reached skill level 1 in Slings
  2533 | D:2      | Reached skill level 1 in Bows
  2533 | D:2      | Reached skill level 1 in Crossbows
  2533 | D:2      | Reached skill level 1 in Throwing
  2533 | D:2      | Reached skill level 1 in Armour
  2533 | D:2      | Reached skill level 1 in Dodging
  2533 | D:2      | Reached skill level 1 in Stealth
  2533 | D:2      | Reached skill level 1 in Unarmed Combat
  2781 | D:3      | Reached XP level 4. HP: 30/32 MP: 9/11
  2976 | D:2      | HP: 1/32 [acid (6)]
  2977 | D:2      | Splashed by a jelly's acid

Illustrated notes

Levels and vault maps discovered:
D:1:      lemuel_arrival_broad_hall, layout_loops_corners, minmay_fountain_box
D:2:      layout_rooms, shapermc_ecumenical_altar_notcrosses,
          roderic_nine_men_s_morris
D:3:      layout_rooms, gammafunk_temple_overflow_elements, uniq_grinder,
          uniq_robin

Skill      XL: |  1  2  3 |
---------------+----------+-----
Transmutations | 2 |  2.2
Spellcasting   | 5 |  5.0
Invocations    | 1 |  1.1
Fighting       | 1 |  1.0
Short Blades   | 1 |  1.0
Long Blades    | 1 |  1.0
Axes           | 1 |  1.0
Maces & Flails | 1 |  1.0
Polearms       | 1 |  1.0
Staves         | 1 |  1.0
Slings         | 1 |  1.0
Bows           | 1 |  1.0
Crossbows      | 1 |  1.0
Throwing       | 1 |  1.0
Armour         | 1 |  1.0
Dodging        | 1 |  1.0
Stealth        | 1 |  1.0
Unarmed Combat | 1 |  1.0
Shields        | |  2.7
Conjurations   | |  3.8
Hexes          | |  0.7
Summonings     | |  0.7
Necromancy     | |  0.7
Translocations | |  5.4
Fire Magic     | |  0.7
Ice Magic      | |  0.7
Air Magic      | |  0.7
Earth Magic    | |  0.7
Poison Magic   | |  0.7
Evocations     | |  2.7

Action                   |  1- 3 |  4- 6 || total
-------------------------+-------+-------++-------
Melee: Spear             |    94 |     4 ||    98
       Bite              |     7 |       ||     7
 Cast: Foxfire           |    30 |     8 ||    38
Invok: Animate Remains   |     4 |     2 ||     6
 Stab: Sleeping          |     1 |       ||     1
Armor: Robe              |    35 |     2 ||    37
Dodge: Dodged            |    61 |    12 ||    73
